 Dungeon Crawl Stone Soup version 0.30.0-29-ga12c61a403 (webtiles) character file.

Game seed: 18427744459954330359

594 monsoonserge the Cudgeller (level 7, -1/68 HPs)
             Began as a Troll Berserker on June 13, 2023.
             Was a Priest of Trog.
             Slain by an ogre
             ... wielding a +0 giant club
              (8 damage)
             ... on level 3 of the Dungeon.
             The game lasted 00:08:58 (2766 turns).

monsoonserge the Cudgeller (Troll Berserker)        Turns: 2766, Time: 00:08:58

Health: -1/68      AC:  4    Str: 28    XL:     7   Next: 16%
Magic:  6/6        EV: 10    Int:  3    God:    Trog [***...]
Gold:   174        SH:  0    Dex:  9    Spells: 6/6 levels left

rFire   . . .        m - +1 war axe (heavy)
rCold   . . .        (no shield)
rNeg    . . .        b - +0 animal skin
rPois   .            (helmet restricted)
rElec   .            (no cloak)
rCorr   .            (gloves unavailable)
SInv    .            (boots unavailable)
Will    ++...        (no amulet)
Stlth   +            (no ring)
HPRegen 2.11/turn    (no ring)
MPRegen 0.10/turn

%: no passive effects
@: brilliant, strong-willed, on berserk cooldown, regenerating, slowed, very
slow
A: large, unfitting armour, claws 3, regeneration 1, shaggy fur 1, tough skin 1
a: Renounce Religion, Berserk, Trog's Hand


You were on level 3 of the Dungeon.
You worshipped Trog.
Trog was most pleased with you.
You visited 1 branch of the dungeon, and saw 4 of its levels.

You collected 174 gold pieces.

Inventory:

Hand Weapons
 a - a +0 mace
 m - a +1 heavy war axe (weapon)
Armour
 b - a +0 animal skin (worn)
Wands
 k - a wand of flame (18) (quivered)
 l - a wand of digging (5)
 p - a wand of paralysis (20)
Scrolls
 c - 3 scrolls of fear {unknown}
 d - a scroll of enchant armour {unknown}
 e - a scroll of enchant weapon {unknown}
 f - a scroll of teleportation {unknown}
 h - 2 scrolls of magic mapping {unknown}
 n - a scroll of noise {unknown}
 q - a scroll of immolation {unknown}
Potions
 i - a potion of curing {unknown}
 j - a potion of haste
 o - a potion of degeneration {unknown}
 r - a potion of ambrosia {unknown}


   Skills:
 + Level 3.9 Fighting
 + Level 1.8(3.3) Axes
 - Level 4.7(4.9) Maces & Flails
 + Level 4.2 Dodging
 - Level 1.0 Evocations


You had 6 spell levels left.
You didn't know any spells.
Your spell library contained the following spells:

 Spells                   Type           Power      Damage    Failure   Level
 Necrotise                Necr           0%         1d4       52%         1
 Gell's Gravitas          Tloc           0%         N/A       88%         3
 Teleport Other           Tloc           0%         N/A       88%         3
 Tukima's Dance           Hex            0%         N/A       88%         3
 Vampiric Draining        Necr           0%         2d6       88%         3
 Vhi's Electric Charge    Tloc/Air       0%         N/A       88%         3
 Passage of Golubria      Tloc           0%         N/A       99%         4
 Agony                    Necr           0%         N/A       100%        5
 Arcjolt                  Conj/Air       0%         1d10      100%        5
 Yara's Violent Unravell  Hex/Tmut       0%         3d3       100%        5
 Dispersal                Tloc           0%         N/A       100%        6
 Plasma Beam              Fire/Air       0%         2x1d11    100%        6


Dungeon Overview and Level Annotations

Branches:
Dungeon (4/15)
 Temple: D:4-7

Altars:
Cheibriados
Dithmenos
Okawaru


Innate Abilities, Weirdness & Mutations

You are too large for most types of armour.
You have claws for hands.
Your natural rate of healing is unusually fast.
You are covered in fur. (AC +1)
You have tough skin. (AC +1)


Message History

Trog accepts your kill.
The gnoll hits you from afar with a +0 spear. x2
You hit the gnoll.
The gnoll is moderately wounded.
The gnoll hits you but does no damage. The gnoll hits you with a +0 flail.
The gnoll hits you from afar with a +0 spear.
* * * LOW HITPOINT WARNING * * *
The gnoll closely misses you. x3
You slice the gnoll!!
You kill the gnoll!
Trog accepts your kill.
The gnoll hits you from afar with a +0 spear.
The gnoll closely misses you.
You closely miss the orc. You claw the orc.
The orc is almost dead.
The orc barely misses you.
The gnoll hits you from afar with a +0 spear. x2
* * * LOW HITPOINT WARNING * * *
You slice the orc!!
You kill the orc!
Trog accepts your kill.
An orc comes into view. It is wielding a +0 hand axe.
The gnoll hits you from afar with a +0 spear!
* * * LOW HITPOINT WARNING * * *
The gnoll closely misses you.
You barely miss the ogre.
You are no longer berserk.
You are exhausted.
You feel yourself slow down.
The gnoll hits you from afar with a +0 spear.
* * * LOW HITPOINT WARNING * * *
The gnoll hits you from afar with a +0 spear.
* * * LOW HITPOINT WARNING * * *
The ogre hits you with a +0 giant club.
* * * LOW HITPOINT WARNING * * *
The gnoll misses you. The gnoll closely misses you.
It was a potion of brilliance.
You feel clever all of a sudden. The ogre hits you with a +0 giant club!
You die...

##########...#.##########.#.##.##
.........)......................P
~~≈~≈~~≈≈~~....~~~~~~~~~~~≈~~~≈~~
≈≈≈≈≈≈≈≈≈~~....~~≈~≈≈≈≈≈≈~≈≈≈≈≈≈≈
~~~~≈~~~~~~....≈~~~~~~~≈~~~#####≈
...........................#.oo#≈
###########''''#############...#~
.#..#######..og#######.....#+###~
)'..'.....'.oggO@.)).).....# #.~~
.#..#######..og#######.....# #.~≈
##### ##oo## ####### #.~≈ .....
#.~≈ .....oO. #.~~ ...........
#.~≈ ............ #.≈≈
######''##### #.~≈ +..+ #+###≈


You could see an ogre, 4 gnolls and 5 orcs.

Vanquished Creatures
  A phantom (D:4)
  Blork the orc (D:4)
  2 hounds (D:3)
  An orc priest (D:3)
  A jelly (D:4)
  Natasha (thrice) (D:2)
  An orc wizard (D:3)
  9 gnolls
  3 adders
  2 worms
  2 dart slugs
  13 orcs (D:3)
  8 ball pythons
  4 endoplasms
  A giant cockroach (D:1)
  7 goblins
  9 hobgoblins
  18 jackals
  A quokka (D:4)
  4 bats
  3 frilled lizards
  7 kobolds
  4 rats
105 creatures vanquished.

Notes
Turn   | Place    | Note
-------+----------+-------------------------------------------
     0 | D:1      | monsoonserge the Troll Berserker began the quest for the
                  | Orb.
     0 | D:1      | Reached XP level 1. HP: 22/22 MP: 0/0
   130 | D:1      | Reached XP level 2. HP: 29/29 MP: 1/1
   414 | D:1      | Reached XP level 3. HP: 36/36 MP: 2/2
   491 | D:1      | Reached ** piety under Trog
   749 | D:1      | Reached XP level 4. HP: 14/44 MP: 3/3
  1050 | D:2      | Noticed Natasha
  1066 | D:2      | Killed Natasha
  1149 | D:2      | Noticed Natasha
  1168 | D:2      | Killed Natasha
  1421 | D:2      | Noticed Natasha
  1431 | D:2      | Killed Natasha
  1432 | D:2      | Reached XP level 5. HP: 53/53 MP: 4/4
  1527 | D:3      | Found an iron altar of Okawaru.
  1768 | D:3      | Reached *** piety under Trog
  2090 | D:4      | Found a shadowy altar of Dithmenos.
  2152 | D:4      | Noticed Blork the orc
  2164 | D:4      | Killed Blork the orc
  2165 | D:4      | Reached XP level 6. HP: 40/61 MP: 5/5
  2378 | D:4      | Found a snail-covered altar of Cheibriados.
  2530 | D:3      | Reached skill level 1 in Axes
  2658 | D:3      | Reached XP level 7. HP: 68/68 MP: 6/6
  2749 | D:3      | Reached skill level 1 in Evocations
  2765 | D:3      | HP: 3/68 [ogre/+0 giant club (6)]
  2766 | D:3      | Slain by an ogre

Illustrated notes

Levels and vault maps discovered:
D:1:      giann_horns, layout_rooms, minmay_pentomino_o4
D:2:      layout_loops_ring, uniq_natasha
D:3:      lemuel_castle_with_subvaults [lemuel_castle_interior_original],
          layout_loops_cross, okawaru_trees_1
D:4:      layout_basic, old_standard_altar, grunt_dithmenos_smoke,
          uniq_blork_the_orc

Skill      XL: |  1  2  3  4  5  6  7 |
---------------+----------------------+-----
Maces & Flails | 3 4 |  4.7
Dodging        | 3 4 |  4.2
Fighting       | 3 |  3.9
Axes           | 1 |  1.8
Evocations     | 1 |  1.0

Action                     |  1- 3 |  4- 6 |  7- 9 || total
---------------------------+-------+-------+-------++-------
  Melee: Mace              |   140 |   141 |       ||   281
         War axe           |       |    38 |    25 ||    63
         Punch             |       |     1 |     1 ||     2
 Invoke: Berserk           |       |     2 |     1 ||     3
         Trog's Hand       |       |     1 |     1 ||     2
  Evoke: Wand              |       |     2 |       ||     2
    Use: Potion            |       |       |     1 ||     1
   Stab: Sleeping          |     1 |       |       ||     1
 Armour: Animal skin       |    48 |    75 |    11 ||   134
  Dodge: Dodged            |    92 |   124 |    42 ||   258
